 Dungeon Crawl Stone Soup version 0.19.1 (webtiles) character file.

51 Holdmybeer the Charmwright (level 3, -2/29 HPs)
             Began as a Demonspawn Wanderer on Nov 24, 2016.
             Slain by Ijyb
             ... wielding a +6 dagger of electrocution
              (18 damage)
             ... on level 2 of the Dungeon.
             The game lasted 00:03:52 (1548 turns).

Holdmybeer the Charmwright (Demonspawn Wanderer)    Turns: 1548, Time: 00:03:52

Health: -2/29      AC:  5    Str: 11    XL:     3   Next: 57%
Magic:  4/5        EV: 10    Int: 14    God:
Gold:   36         SH:  0    Dex: 13    Spells: 1 memorised, 4 levels left

rFire  . . .     SeeInvis .     e - +0 dagger
rCold  . . .     Gourm    .     h - +0 leather armour (curse)
rNeg   . . .     Faith    .     (no shield)
rPois  .         Spirit   .     i - +1 hat
rElec  .         Reflect  .     o - +0 cloak
rCorr  .         Harm     .     (no gloves)
MR     .....                    (no boots)
Stlth  +.........               (no amulet)
                                (no ring)
                                (no ring)

@: infused
A: horns 1, demonic guardian 1
a: no special abilities


You were on level 2 of the Dungeon.
You were not hungry.

You visited 1 branch of the dungeon, and saw 2 of its levels.

You collected 36 gold pieces.

Inventory:

Hand Weapons
 e - a +0 dagger (weapon)
Armour
 d - a +0 robe
 h - a cursed +0 leather armour (worn)
 i - a +1 hat (worn)
 o - a +0 cloak (worn)
Scrolls
 b - 2 scrolls of teleportation
 l - 3 scrolls of identify {unknown}
 m - a scroll of fog {unknown}
Potions
 c - a potion of curing
 j - a potion of cancellation {unknown}
 k - a potion of ambrosia {unknown}
 n - a potion of lignification {unknown}
Books
 a - a book of Battle

   Spells                             Type                      Level
   a - Infusion                       Charms                       1
   b - Shroud of Golubria             Charms/Translocation         2
   c - Song of Slaying                Charms                       2
   d - Spectral Weapon                Hexes/Charms                 3
   e - Regeneration                   Charms/Necromancy            3
Comestibles
 f - a bread ration
 p - a meat ration
 r - a slice of pizza


   Skills:
 + Level 3.0 Fighting
 - Level 1.0 Stealth
   Level 1.0 Shields
 - Level 1.5 Spellcasting
   Level 3.0 Hexes
 - Level 3.6 Charms


You had 4 spell levels left.
You knew the following spells:

 Your Spells              Type           Power        Failure   Level  Hunger
a - Infusion              Chrm           ##..         10%         1    ##.....


Dungeon Overview and Level Annotations

Branches:
Dungeon (2/15)

Altars:

Annotations:
D:2 Ijyb


Innate Abilities, Weirdness & Mutations

You have a pair of small horns on your head.
A weak demonic guardian rushes to your aid.


Message History

You feel very buoyant.
You fly up into the air.
It was a potion of magic.
Magic courses through your body.
You see here a bat skeleton.
All of the chunks of flesh in your inventory have rotted away.
You see here a bat skeleton.
You are starting to lose your buoyancy.
You see here a bat skeleton.
Okay, then.
Unknown command.
You float gracefully downwards.
Unknown command.
Casting: Infusion
Confirm with . or Enter, or press ? or * to list all spells.
You begin infusing your attacks with magical energy.
You barely miss Ijyb.
Ijyb is almost dead.
Ijyb hits you but does no damage.
You are electrocuted!
Ouch! That really hurt!
You die...

# #.# #.############ .
###.###.##.......... .
#..........######### .
#.#.###.#### .##
###g#.# #.# ..#
#.#รท#.# #.#
#.#########.#..#.# #.#
#<.........###.#g# #.#
..#######.#.#..#@###.#
### #.>..........#
............#######
#############


You could see Ijyb.

Vanquished Creatures
  2 oozes (D:1)
  3 bats
  A giant cockroach (D:1)
  4 goblins (D:1)
  5 hobgoblins (D:1)
  2 frilled lizards (D:1)
  4 kobolds
  2 rats (D:1)
23 creatures vanquished.

Vanquished Creatures (collateral kills)
  Terence (D:2)
1 creature vanquished.

Grand Total: 24 creatures vanquished

Notes
Turn   | Place    | Note
-------+----------+-------------------------------------------
     0 | D:1      | Holdmybeer the Demonspawn Wanderer began the quest for the Orb.
     0 | D:1      | Holdmybeer set off with: a book of Battle, a scroll of teleportation, a potion of curing, a +0 robe, a +0 dagger, a bread ration
     0 | D:1      | Reached XP level 1. HP: 13/13 MP: 2/2
     2 | D:1      | Learned a level 1 spell: Infusion
   459 | D:1      | Reached skill level 1 in Fighting
   459 | D:1      | Gained mutation: A weak demonic guardian rushes to your aid. [demonic ancestry]
   459 | D:1      | Reached XP level 2. HP: 18/21 MP: 0/4
  1112 | D:1      | Gained mutation: You have a pair of small horns on your head. [demonic ancestry]
  1112 | D:1      | Reached XP level 3. HP: 27/27 MP: 5/5
  1278 | D:2      | Noticed Terence
  1294 | D:2      | Killed Terence
  1451 | D:2      | Noticed Ijyb
  1548 | D:2      | Slain by Ijyb

Skill      XL: |  1  2  3 |
---------------+----------+-----
Fighting       | 1 2 3 |  3.0
Stealth        | |  1.0
Shields        | |  1.0
Spellcasting   | |  1.5
Hexes          | |  3.0
Charms         | |  3.6

Action                   || total
-------------------------++-------
Melee: Dagger            ||   119
       Headbutt          ||     4
 Cast: Infusion          ||     8
  Use: Potion            ||     2
 Stab: Sleeping          ||     3
  Eat: Chunk             ||     2
Armor: Leather armour    ||    59
Dodge: Dodged            ||    73
